 Dungeon Crawl Stone Soup version 0.31-a0-1352-gc98d92de7d (webtiles) character file.

Game seed: 720453621157251676

666 mopl the Slasher (level 7, 0/66 HPs)
             Began as a Tengu Berserker on Dec 22, 2023.
             Was a Believer of Trog.
             Slain by a yak (1 damage)
             ... on level 5 of the Dungeon.
             The game lasted 00:03:16 (1655 turns).

mopl the Slasher (Tengu Berserker)                  Turns: 1655, Time: 00:03:17

Health: 0/66       AC: 23    Str: 26    XL:     7   Next: 57%
Magic:  17/17      EV:  2    Int:  7    God:    Trog [**....]
Gold:   113        SH:  0    Dex: 13    Spells: 6/6 levels left

rFire   . . .        a - +0 falchion
rCold   . . .        (no shield)
rNeg    . . .        l - melded +0 scale mail
rPois   +            (helmet currently unavailable)
rElec   .            d - melded scarf {shadows}
rCorr   .            (gloves currently unavailable)
SInv    .            (boots unavailable)
Will    .....        (no amulet)
Stlth   +            h - ring of magical power
HPRegen 0.31/turn    j - +6 ring of strength
MPRegen 0.15/turn

%: acrobat
@: tree-form, on berserk cooldown, slowed, very slow
A: stationary, stasis, torment immunity, boosted hp, (beak), (talons 3), evasive
flight, acrobatic
a: Renounce Religion, Berserk, Trog's Hand


You were on level 5 of the Dungeon.
You worshipped Trog.
Trog was pleased with you.
You were a tree.
You visited 1 branch of the dungeon, and saw 4 of its levels.

You collected 113 gold pieces.

Inventory:

Hand Weapons
 a - a +0 falchion (weapon)
Missiles
 o - 14 stones
 q - 6 poisoned darts
Armour
 d - a scarf of shadows (melded)
 e - an orb of wrath
 l - a +0 scale mail (melded)
Jewellery
 h - a ring of magical power (left branch)
 j - a +6 ring of strength (right branch)
Scrolls
 f - 2 scrolls of identify
 k - a scroll of blinking {unknown}
 p - a scroll of torment {unknown}
Potions
 b - a potion of attraction
 m - a potion of enlightenment {unknown}
 n - a potion of curing {unknown}
 r - a potion of cancellation {unknown}
 s - a potion of degeneration {unknown}


   Skills:
 + Level 4.5 Fighting
 * Level 6.2 Long Blades
 + Level 2.1 Throwing
 + Level 4.2 Armour
 + Level 4.2 Dodging


You had 6 spell levels left.
You didn't know any spells.
Your spell library was empty.

Dungeon Overview and Level Annotations

Branches:
Dungeon (5/15)
 Temple: D:4-7

Altars:
Ashenzari
Elyvilon
Trog
Zin

Annotations:
D:5 Dowan, Duvessa


Innate Abilities, Weirdness & Mutations

You are a tree.
Your roots penetrate the ground, keeping you stationary.
You cannot be teleported.
You are immune to unholy pain and torment.
Your maximum health is greatly increased.
Your equipment is partially melded.
((You have a beak for a mouth.))
((You have claws for feet.))
Your magical flight helps you evade attacks. (EV +4)
You can magically evade attacks while moving or waiting.


Message History

Unknown command.
You hit the yak. Your kick misses the yak. You peck the yak, but do no damage.
The yak is moderately wounded.
Duvessa barely misses you. The yak misses you.
Duvessa hits you with a +0 short sword.
Unknown command.
You hit the yak but do no damage.
The yak is moderately wounded.
Duvessa misses you. The yak completely misses you.
Duvessa hits you with a +0 short sword! The yak gores you.
Unknown command.
You barely miss the yak. Your kick misses the yak. You peck the yak.
The yak is heavily wounded.
Duvessa closely misses you. Duvessa hits you with a +0 short sword.
The yak barely misses you.
Duvessa gestures with her weapon.
Duvessa hits you with a +0 short sword!
* * * LOW HITPOINT WARNING * * *
It was a potion of lignification.
You turn into a tree.
Your scarf of shadows melds into your body.
Your +0 scale mail melds into your body.
The dungeon's light returns to normal.
Your roots penetrate the ground.
The yak gores you but does no damage. Duvessa completely misses you.
The yak gores you but does no damage. Duvessa hits you but does no damage.
You barely miss Duvessa. Duvessa hits you with a +0 short sword.
* * * LOW HITPOINT WARNING * * *
The yak gores you but does no damage. Duvessa hits you but does no damage.
You slash the yak!
The yak is heavily wounded.
Duvessa hits you but does no damage. The yak gores you but does no damage.
Duvessa hits you but does no damage. The yak gores you but does no damage.
You barely miss the yak.
The yak is heavily wounded.
Duvessa hits you but does no damage. x2; The yak gores you!
* * * LOW HITPOINT WARNING * * *
It was a potion of berserk rage.
You're still recovering from your berserk rage.
Duvessa hits you but does no damage. The yak gores you but does no damage.
Duvessa hits you but does no damage. The yak gores you.
You die...

# #.#### ##
#....## ####
>## ####..#
...# .Y####
##.###...#
#YY..#
#........#
.Y...#
##....#...#
##...#
#.....e...#
....#
....###Y###...
..Y.).. .....
#♣#
..Y..####..##
#e# .Y.Y.# #.#
#.. .....#
##.. ... ....
..... #.....


You could see a yak, Duvessa (fast) and Dowan.

Vanquished Creatures
  3 yaks (D:5)
  An ogre (D:2)
  A hound (D:5)
  3 adders
  A bombardier beetle (D:3)
  A worm (D:2)
  3 dart slugs
  7 bats
  9 endoplasms
  3 giant cockroaches
  6 goblins
  5 hobgoblins
  2 quokkas
  5 ball pythons
  3 frilled lizards
  6 kobolds
  4 rats
63 creatures vanquished.

Vanquished Creatures (others)
  A hobgoblin (D:3)
1 creature vanquished.

Grand Total: 64 creatures vanquished

Notes
Turn   | Place    | Note
-------+----------+-------------------------------------------
     0 | D:1      | mopl the Tengu Berserker began the quest for the Orb.
     0 | D:1      | Reached XP level 1. HP: 14/14 MP: 2/2
   256 | D:1      | Reached XP level 2. HP: 17/19 MP: 3/3
   642 | D:2      | Reached XP level 3. HP: 22/23 MP: 4/4
   734 | D:2      | Reached ** piety under Trog
   776 | D:2      | Found a faded altar of an unknown god.
   900 | D:2      | Reached skill level 4 in Long Blades
  1054 | D:2      | Reached XP level 4. HP: 28/28 MP: 5/5
  1218 | D:2      | Noticed an ogre
  1222 | D:2      | Killed an ogre
  1223 | D:2      | Reached skill level 3 in Armour
  1223 | D:2      | Reached skill level 3 in Dodging
  1223 | D:2      | Reached XP level 5. HP: 29/33 MP: 6/6
  1286 | D:3      | Found a glowing silver altar of Zin.
  1310 | D:3      | Found a white marble altar of Elyvilon.
  1373 | D:3      | Found a bloodstained altar of Trog.
  1445 | D:3      | Found a broken altar of Ashenzari.
  1520 | D:3      | You fall into a shaft and drop 2 floors!
  1520 | D:5      | Entered Level 5 of the Dungeon
  1591 | D:5      | Noticed a yak
  1591 | D:5      | Noticed a yak
  1591 | D:5      | Noticed a yak
  1592 | D:5      | Noticed a yak
  1592 | D:5      | Noticed a yak
  1592 | D:5      | Noticed a yak
  1628 | D:5      | Reached skill level 5 in Long Blades
  1632 | D:5      | Killed a yak
  1633 | D:5      | Reached skill level 4 in Fighting
  1633 | D:5      | Reached skill level 1 in Throwing
  1633 | D:5      | Reached XP level 6. HP: 38/38 MP: 7/7
  1635 | D:5      | Noticed Duvessa
  1636 | D:5      | Killed a yak
  1637 | D:5      | Reached skill level 4 in Armour
  1637 | D:5      | Reached skill level 4 in Dodging
  1637 | D:5      | Gained mutation: Your magical flight helps you evade
                  | attacks. (EV +4) [Tengu growth]
  1637 | D:5      | Reached XP level 7. HP: 44/44 MP: 8/8
  1638 | D:5      | Noticed Dowan
  1642 | D:5      | Killed a yak
  1643 | D:5      | Reached skill level 6 in Long Blades
  1643 | D:5      | Reached skill level 2 in Throwing
  1654 | D:5      | HP: 1/66 [yak (10)]
  1655 | D:5      | Slain by a yak

Illustrated notes

Levels and vault maps discovered:
D:1:      dpeg_chamrin_arrival_tetris, layout_basic
D:2:      layout_rooms, dreamdust_ecumenical_altar_grove, roderic_roman_lattice
D:3:      layout_basic, trog_hazing_becter, zin_academy, elyvilon_altar_5,
          ashenzari_conservatory_becter, glass_columns_a
D:5:      layout_rooms, kennysheep_okawaru_gauntlet, tso_altar,
          lightli_ossuary_entry_decrepit_ruins, uniq_duvessa

Skill      XL: |  1  2  3  4  5  6  7 |
---------------+----------------------+-----
Long Blades    | 4 5 6 |  6.2
Armour         | 3 4 |  4.2
Dodging        | 3 4 |  4.2
Fighting       | 4 |  4.5
Throwing       | 1 2 |  2.1

Action                     |  1- 3 |  4- 6 |  7- 9 || total
---------------------------+-------+-------+-------++-------
  Melee: Falchion          |    74 |    59 |    15 ||   148
         Kick              |    19 |    20 |     4 ||    43
         Peck              |    10 |     6 |     4 ||    20
 Invoke: Berserk           |       |     2 |       ||     2
    Use: Potion            |       |       |     3 ||     3
         Scroll            |       |       |     1 ||     1
 Armour: Animal skin       |    13 |       |       ||    13
         Ring mail         |    12 |       |       ||    12
         Scale mail        |     6 |    29 |    14 ||    49
         Skin              |       |       |    17 ||    17
  Dodge: Dodged            |    50 |    44 |    17 ||   111

Table legend: (Time is in decaauts)
 A = Elapsed time spent in this place.
 B = Non-inter-level travel time spent in this place.
 C = Inter-level travel time spent in this place.
 D = Time resting spent in this place.
 E = Time spent auto-exploring this place.
 F = Levels seen in this place.
 G = Mean time per level.
                   A        B        C        D        E       F      G
               +--------+--------+--------+--------+--------+-----+--------+
         Total |   1699 |   1654 |     45 |      0 |   1159 |   4 |  424.8 |
       Dungeon |   1699 |   1654 |     45 |      0 |   1159 |   4 |  424.8 |
               +--------+--------+--------+--------+--------+-----+--------+

Top non-repeatable levels by time:
     D:2: 658 daAuts
     D:1: 653 daAuts
     D:3: 252 daAuts
     D:5: 135 daAuts
